 Dungeon Crawl Stone Soup version 0.24.0-123-gd5b16e6ec5 (webtiles) character file.

Game seed: 12613982749612693914, levelgen mode: deterministic

21240 FishyPogo the Fighter (level 12, -10/100 HPs)
             Began as a Demonspawn Fighter on Jan 12, 2020.
             Was a High Priest of Makhleb.
             Shot with a bolt by an orc warrior (24 damage)
             ... on level 2 of the Orcish Mines.
             The game lasted 00:57:33 (13150 turns).

FishyPogo the Fighter (Demonspawn Fighter)         Turns: 13150, Time: 00:57:36

Health: -10/100    AC: 14    Str: 21 (23) XL:     12   Next: 52%
Magic:  0/18       EV: 16    Int:  7 (10) God:    Makhleb [*****.]
Gold:   1197       SH: 13    Dex: 19      Spells: 10/11 levels left

rFire    + . .     SeeInvis +   o - +2 dagger (freeze)
rCold    + . .     Gourm    .   c - +0 shield
rNeg     + . .     Faith    .   R - +3 ring mail {rN+}
rPois    .         Spirit   +   v - +1 hat {SInv}
rElec    .         Reflect  .   V - scarf {repulsion}
rCorr    +         Harm     .   S - +2 pair of gloves {Str+3}
MR       .....     Clarity  +   (boots unavailable)
Stlth    ++........             e - amulet of regeneration
HPRegen  0.66/turn              x - ring of flight
MPRegen  0.16/turn              I - ring of resist corrosion

@: agile, repel missiles
A: talons 3, clarity, cold resistance 1, deterioration 1, fire resistance 1,
magic shield, freezing cloud immunity, sturdy frame 1
a: Minor Destruction, Lesser Servant of Makhleb, Major Destruction, Greater
Servant of Makhleb, Renounce Religion, Evoke Flight


You were on level 2 of the Orcish Mines.
You worshipped Makhleb.
Makhleb was extremely pleased with you.
You were hungry.

You visited 4 branches of the dungeon, and saw 18 of its levels.
You also visited: Sewer.

You collected 1435 gold pieces.
You spent 238 gold pieces at shops.

Inventory:

Hand Weapons
 o - a +2 dagger of freezing (weapon)
 M - a +3 dagger
Missiles
 a - 39 stones
 g - 15 javelins
 k - 12 boomerangs
 q - 73 poisoned darts (quivered)
 u - a throwing net
Armour
 c - a +0 shield (worn)
 m - a +2 ring mail of cold resistance
 v - a +1 hat of see invisible (worn)
 R - a +3 ring mail of positive energy (worn)
 S - a +2 pair of gloves of strength (worn)
 V - a scarf of repulsion (worn)
Magical Staves
 K - an uncursed staff of fire {unknown}
Jewellery
 e - an amulet of regeneration (around neck)
 x - a ring of flight (left hand)
 I - a ring of resist corrosion (right hand)
 J - an uncursed amulet of the acrobat
 W - a +4 ring of intelligence
Wands
 r - a wand of flame (46)
 C - a wand of enslavement (8)
 D - a wand of acid (10)
 G - a wand of random effects (15)
 L - a wand of clouds (6)
 N - a wand of digging (3)
 O - a wand of iceblast (7)
 Q - a wand of disintegration (11)
Scrolls
 b - 2 scrolls of amnesia {unknown}
 d - 2 scrolls of noise
 l - 6 scrolls of remove curse
 p - 15 scrolls of identify
 t - 3 scrolls of enchant weapon
 w - 2 scrolls of enchant armour
 y - 2 scrolls of immolation
 F - 8 scrolls of teleportation
 H - 3 scrolls of magic mapping
 Y - a scroll of blinking
 Z - a scroll of fear
Potions
 h - 4 potions of mutation
 i - 3 potions of brilliance
 j - 3 potions of haste
 s - 3 potions of curing
 z - a potion of magic {unknown}
 A - 2 potions of lignification
 B - 5 potions of degeneration
 E - a potion of heal wounds
Comestibles
 f - 28 rations
 n - 9 chunks of flesh


   Skills:
 + Level 11.4 Fighting
 + Level 8.0 Short Blades
 + Level 8.4 Armour
 - Level 1.1 Dodging
 - Level 0.1 Stealth
 * Level 11.1 Shields
 + Level 8.0 Invocations


You had 10 spell levels left.
You knew the following spells:

 Your Spells              Type           Power        Failure   Level  Hunger
a - Apportation           Tloc           #.....       67%         1    ##.....

Your spell library contained the following spells:

 Spells                   Type           Power        Failure   Level  Hunger
 Animate Skeleton         Necr           N/A          67%         1    ##.....
 Confusing Touch          Hex            #.....       67%         1    ##.....
 Summon Small Mammal      Summ           #...         67%         1    ##.....
 Irradiate                Conj/Tmut      #.........   100%        5    ######.
 Hydra Form               Tmut           #.........   100%        6    #######
 Statue Form              Tmut/Erth      #........    100%        6    #######
 Dragon Form              Tmut           #.........   100%        7    #######


Dungeon Overview and Level Annotations

Branches:
Dungeon (11/15)            Temple (1/1) D:7            Lair (4/6) D:9
  Swamp (0/4) Lair:2        Snake (0/4) Lair:3          Orc (2/2) D:9
  Sewer (visited)
    Elf: Orc:2

Altars:
Ashenzari
Cheibriados
Dithmenos
Elyvilon
Fedhas
Gozag
Kikubaaqudgha
Makhleb
Nemelex Xobeh
Okawaru
Qazlal
Ru
Sif Muna
Trog
Uskayaw
Vehumet
Wu Jian
Xom
Yredelemnul
Zin
The Shining One
Beogh

Shops:
D:9 [   Orc:1 *


Innate Abilities, Weirdness & Mutations

You have claws for feet.
Your flesh is cold resistant. (rC+)
When hurt, damage is shared between your health and your magic reserves.
You are immune to freezing clouds.
Your movements are slightly less encumbered by armour. (ER -2)
You possess an exceptional clarity of mind.
Your body sometimes deteriorates upon taking damage.
Your flesh is heat resistant. (rF+)


Message History

The orc knight twists and deforms.
Unknown command.
Your crimson imp blinks!
Your iron imp closely misses the orc knight.
The orc warrior hits your iron imp with a +0 halberd!!
Your iron imp dies!
The orc knight hits your neqoxec with a +0 great sword!
Your neqoxec barely misses the orc knight.
Unknown command.
You feel better.
The orc warrior no longer looks unusually strong.
Your neqoxec hits the orc knight but does no damage.
A demon appears!
The orc warrior no longer looks unusually strong.
The orc knight roars a battlecry!
The orc warriors go into a battle-frenzy!
The orc warrior closely misses you.
Your neqoxec closely misses the orc knight.
The orc warrior shoots a bolt.
The bolt hits you!!
You die...

.................................
...........................#.....
.................................
..........#......................
.................^...............
.................................
...........................<.....
.....................5...........
......).........@................
......#............(.............
.....(##......3.ooo(....§........
..........(.....3))†.............
..........)......#...........#..#
#....##....###...o.o.............
...........##(...).))............
......#.....##...).))(..........#
...........###..(.())............


You could see an orc knight, 4 orc warriors, a friendly neqoxec, a friendly
ynoxinul and a friendly crimson imp.

Vanquished Creatures
  Gastronok (Lair:3)
  2 hydras
  A death yak (Lair:3)
  A black mamba (Lair:2)
  A gargoyle (D:10)
  3 spiny frogs
  2 komodo dragons
  An efreet (D:8)
  Grinder (D:4)
  4 trolls
  Prince Ribbit (D:5)
  3 hippogriffs
  2 bog bodies (Lair:2)
  Sigmund (D:2)
  A wyvern (D:8)
  2 basilisks
  2 hogs (D:7)
  A human (D:7)
  17 yaks
  A hungry ghost (D:10)
  A warg (Orc:1)
  4 water moccasins
  Duvessa (D:7)
  7 porcupines
  A black bear (D:8)
  2 ice beasts
  20 orc warriors
  4 ogres
  3 necrophages
  A phantom (D:7)
  8 wolves
  12 centaurs
  7 crocodiles
  3 big kobolds
  10 bullfrogs
  A scorpion (D:9)
  Dowan (D:7)
  3 killer bees (D:8)
  9 wights
  3 howler monkeys (D:7)
  A crimson imp (D:5)
  A centaur zombie (D:8)
  3 centaur skeletons
  5 hounds
  Crazy Yiuf (D:5)
  A jelly (D:9)
  9 orc priests
  19 orc wizards
  A bullfrog skeleton (D:6)
  3 iguanas
  Ijyb (D:4)
  A gnoll shaman (D:5)
  10 worker ants
  A worker ant zombie (D:5)
  Robin (D:2)
  4 gnolls
  9 adders
  A river rat (D:4)
  4 oozes
  An adder zombie (D:5)
  2 worms
  4 dart slugs
  4 leopard geckos
  45 orcs
  A ball python (D:3)
  3 giant cockroaches
  15 goblins
  8 hobgoblins
  11 jackals
  5 quokkas
  9 bats
  3 frilled lizards
  A jackal skeleton (D:8)
  30 kobolds
  A quokka skeleton (D:8)
  11 rats
379 creatures vanquished.

Vanquished Creatures (collateral kills)
  A troll (Orc:1)
  A hippogriff (D:8)
  An orc warrior (Orc:2)
  An eye of draining (D:8)
  2 ogres
  A centaur (D:8)
  A scorpion (D:8)
  An orc priest (Orc:2)
  An orc wizard (Orc:2)
  7 orcs
17 creatures vanquished.

Vanquished Creatures (others)
  An orc (Orc:2)
  2 fungi (D:9)
  A plant (D:9)
4 creatures vanquished.

Grand Total: 400 creatures vanquished

Notes
Turn   | Place    | Note
-------+----------+-------------------------------------------
     0 | D:1      | FishyPogo the Demonspawn Fighter began the quest for the
                  | Orb.
     0 | D:1      | Reached XP level 1. HP: 18/18 MP: 1/1
    30 | D:1      | Gained mutation: You have sharp toenails. [demonic
                  | ancestry]
    30 | D:1      | Reached XP level 2. HP: 20/24 MP: 2/2
   294 | D:2      | Noticed Robin
   295 | D:2      | Noticed Sigmund
   308 | D:2      | You fall into a shaft and drop 2 floors!
   322 | D:4      | Gained mutation: Your flesh is cold resistant. (rC+)
                  | [demonic ancestry]
   322 | D:4      | Reached XP level 3. HP: 29/29 MP: 3/3
   380 | D:4      | Found a glowing drain.
   386 | Sewer    | Entered a sewer
   533 | Sewer    | Reached XP level 4. HP: 37/37 MP: 4/4
   589 | Sewer    | Noticed a big kobold
   628 | Sewer    | Killed a big kobold
   628 | Sewer    | Reached XP level 5. HP: 32/42 MP: 5/5
   788 | D:4      | Reached skill level 1 in Dodging
   879 | D:4      | Gained mutation: You have razor-sharp toenails. [demonic
                  | ancestry]
   879 | D:4      | Reached XP level 6. HP: 48/49 MP: 6/6
   933 | D:4      | Noticed Ijyb
   948 | D:4      | Killed Ijyb
  1290 | D:4      | Noticed Grinder
  1291 | D:4      | Paralysed by Grinder for 2 turns
  1295 | D:4      | Paralysed by Grinder for 5 turns
  1325 | D:4      | Paralysed by Grinder for 5 turns
  1352 | D:4      | Paralysed by Grinder for 3 turns
  1359 | D:4      | Killed Grinder
  1359 | D:4      | Reached skill level 5 in Fighting
  1359 | D:4      | Gained mutation: When hurt, damage is shared between your
                  | health and your magic reserves. [demonic ancestry]
  1359 | D:4      | Reached XP level 7. HP: 39/56 MP: 7/7
  1507 | D:5      | Entered Level 5 of the Dungeon
  1680 | D:6      | Noticed Prince Ribbit
  1733 | D:7      | Found a staircase to the Ecumenical Temple.
  1747 | Temple   | Entered the Ecumenical Temple
  1969 | Temple   | Became a worshipper of Makhleb the Destroyer
  2040 | D:7      | Reached skill level 5 in Shields
  2103 | D:6      | Found a sparkling altar of Nemelex Xobeh.
  2569 | D:1      | Reached * piety under Makhleb
  2698 | D:2      | Killed Robin
  2698 | D:2      | Gained mutation: Your movements are slightly less
                  | encumbered by armour. (ER -2) [demonic ancestry]
  2698 | D:2      | Reached XP level 8. HP: 64/64 MP: 8/8
  2914 | D:2      | Killed Sigmund
  4084 | D:5      | Found a runed translucent door.
  4085 | D:5      | Noticed Crazy Yiuf
  4096 | D:5      | Killed Crazy Yiuf
  4267 | D:5      | Reached ** piety under Makhleb
  4349 | D:5      | Gained mutation: Your body sometimes deteriorates upon
                  | taking damage. [potion of mutation]
  4349 | D:5      | Gained mutation: Your flesh is heat resistant. (rF+)
                  | [potion of mutation]
  4349 | D:5      | Gained mutation: You possess an exceptional clarity of
                  | mind. [potion of mutation]
  4349 | D:5      | Gained mutation: You have claws for feet. [potion of
                  | mutation]
  4370 | D:5      | Killed Prince Ribbit
  4370 | D:5      | Reached skill level 5 in Armour
  4673 | D:6      | Reached XP level 9. HP: 72/72 MP: 9/9
  4696 | D:6      | Found a sparkling altar of Nemelex Xobeh.
  4970 | D:6      | Found a snail-covered altar of Cheibriados.
  5289 | D:7      | Noticed Duvessa
  5289 | D:7      | Noticed Dowan
  5303 | D:7      | Killed Duvessa
  5303 | D:7      | Reached skill level 5 in Short Blades
  5304 | D:7      | Killed Dowan
  5437 | D:7      | Found a glowing golden altar of the Shining One.
  5489 | D:7      | Found a stormy altar of Qazlal.
  5816 | D:8      | Found a shattered altar of Ashenzari.
  5831 | D:8      | Found an opulent altar of Gozag.
  5887 | D:8      | Found a shimmering altar of Xom.
  5899 | D:8      | Found a glowing silver altar of Zin.
  5899 | D:8      | Noticed an angel
  5947 | D:8      | Reached *** piety under Makhleb
  6336 | D:8      | Reached skill level 1 in Invocations
  6341 | D:8      | Mutation became permanent: You have razor-sharp toenails.
                  | [demonic ancestry]
  6341 | D:8      | Gained mutation: You have claws for feet. [demonic
                  | ancestry]
  6341 | D:8      | Reached XP level 10. HP: 81/82 MP: 10/10
  7329 | D:9      | Found a staircase to the Lair.
  7382 | D:9      | Found Zeymuf's Armour Emporium.
  7419 | D:9      | Found a staircase to the Orcish Mines.
  7442 | D:9      | Reached **** piety under Makhleb
  7458 | D:9      | Bought a scarf of repulsion for 168 gold pieces
  7784 | D:9      | Learned a level 1 spell: Apportation
  8052 | D:10     | Entered Level 10 of the Dungeon
  8185 | D:10     | Reached skill level 10 in Fighting
  8248 | D:10     | Reached XP level 11. HP: 44/90 MP: 7/14
  8569 | D:10     | Reached skill level 5 in Invocations
  8762 | D:10     | Reached ***** piety under Makhleb
  8954 | D:11     | Noticed a two-headed ogre
  9021 | Lair:1   | Entered Level 1 of the Lair of Beasts
 10021 | Lair:2   | Noticed a six-headed hydra
 10038 | Lair:2   | Killed a six-headed hydra
 10233 | Lair:2   | Reached skill level 10 in Shields
 10259 | Lair:2   | Found a staircase to the Swamp.
 10916 | Lair:3   | Noticed a six-headed hydra
 10931 | Lair:3   | Killed a six-headed hydra
 11000 | Lair:3   | Found a staircase to the Snake Pit.
 11079 | Lair:3   | Noticed Gastronok
 11100 | Lair:3   | Killed Gastronok
 11100 | Lair:3   | Gained mutation: You are immune to freezing clouds.
                  | [demonic ancestry]
 11100 | Lair:3   | Reached XP level 12. HP: 100/100 MP: 17/17
 11509 | Lair:4   | Noticed a death yak
 11509 | Lair:4   | Noticed a death yak
 11509 | Lair:4   | Noticed a death yak
 11509 | Lair:4   | Noticed a death yak
 11509 | Lair:4   | Noticed a death yak
 11566 | Lair:3   | Killed a death yak
 11882 | Orc:1    | Entered Level 1 of the Orcish Mines
 11882 | Orc:1    | Found Anyit Uv Zeb's General Store.
 11950 | Orc:1    | Bought a potion of heal wounds for 70 gold pieces
 12559 | Orc:1    | Found a roughly hewn altar of Beogh.
 12739 | Orc:2    | Entered Level 2 of the Orcish Mines
 13150 | Orc:2    | Shot with a bolt by an orc warrior

Levels and vault maps discovered:
D:1:      dpeg_arrival_windows_large_door, layout_rooms
D:2:      layout_rooms, first_ration, uniq_robin, uniq_sigmund
D:3:      layout_basic
D:4:      layout_loops_cross, gup_sewer_entry_bubbles, uniq_grinder, uniq_ijyb
D:5:      layout_rooms, uniq_crazy_yiuf_cottage
D:6:      layout_cave_pools, kennysheep_slug_shrine, basic_altar,
          nemelex_diamond_rough_becter, uniq_prince_ribbit1
D:7:      layout_basic, lemuel_round_altar, nicolae_qazlal_eye_of_the_storm,
          minmay_temple_entry_tees, grunt_livestock, uniq_duvessa
D:8:      minmay_blocky_corners, layout_loops_ring,
          grunt_temple_overflow_order_and_chaos_1, ashenzari_altar_1,
          grunt_gozag_breadcrumbs
D:9:      layout_layer_cave, minmay_lair_entry_grove, orc_david_3,
          minmay_fractal_squares_5
D:10:     layout_basic
D:11:     layout_layer_cave, serial_shops, shop
Temple:   regret_index_temple_generic_petals
Lair:1:   layout_misc_corridors, grunt_megastairs_1
Lair:2:   layout_regular_city, skrybe_swamp_entry_bodies
Lair:3:   layout_concentric_octagons, dummy_snake_entry, uniq_gastronok
Lair:4:   layout_regular_city, pond
Orc:1:    layout_caves, serial_shops, shop, nicolae_orc_lost_temple
Orc:2:    st_orc_rangers, layout_caves, basic_altar

Skill      XL: |  1  2  3  4  5  6  7  8  9 10 11 12 |
---------------+-------------------------------------+-----
Armour         | 3 4 5 6 8 |  8.4
Short Blades   | 2 3 4 5 6 7 8 |  8.0
Shields        | 3 4 5 6 7 9 10 11 | 11.1
Dodging        | 1 |  1.1
Fighting       | 4 5 7 8 10 11 | 11.4
Invocations    | 1 4 7 8 |  8.0
Stealth        | |  0.1

Action                   |  1- 3 |  4- 6 |  7- 9 | 10-12 || total
-------------------------+-------+-------+-------+-------++-------
Melee: Rapier            |   144 |     1 |       |       ||   145
       Kick              |    27 |    35 |   209 |   453 ||   724
       Dagger            |       |   171 |   662 |  1175 ||  2008
       Unarmed           |       |       |       |    12 ||    12
       Trident           |       |       |       |     3 ||     3
Throw: Boomerang         |       |     8 |    28 |     9 ||    45
       Dart              |       |     6 |     3 |     1 ||    10
       Throwing net      |       |     1 |       |       ||     1
 Cast: Apportation       |       |       |       |     1 ||     1
Invok: Minor Destruction |       |       |     5 |    57 ||    62
       Lesser Servant of |       |       |       |    10 ||    10
  Use: Scroll            |     4 |     2 |     5 |     8 ||    19
       Potion            |       |       |     9 |    10 ||    19
 Stab: Distracted        |       |       |       |     4 ||     4
  Eat: Chunk             |       |     2 |    17 |    24 ||    43
Armor: Scale mail        |    58 |    36 |   195 |    28 ||   317
       Ring mail         |       |       |       |   225 ||   225
       Skin              |       |       |       |    22 ||    22
Dodge: Dodged            |    51 |    26 |   228 |   306 ||   611
       Deflected         |       |       |       |    18 ||    18
Block: Shield            |    62 |    52 |    99 |   561 ||   774
       Buckler           |       |       |   102 |    29 ||   131
